 Dungeon Crawl Stone Soup version 0.13-a0-1804-g486adc7 (webtiles) character file.

789 Juliette the Cleaver (level 7, -3/59 HPs)
             Began as a Minotaur Fighter on June 24, 2013.
             Was an Initiate of Okawaru.
             Killed by triggering a spear trap (22 damage)
             ... on Level 5 of the Dungeon.
             The game lasted 00:24:37 (4153 turns).

Juliette the Cleaver (Minotaur Fighter)             Turns: 4153, Time: 00:24:37

HP  -3/59        AC  8     Str 23      XL: 7   Next: 14%
MP   2/2         EV  7     Int  5      God: Okawaru [......]
Gold 204         SH 19     Dex 10      Spells:  0 memorised,  6 levels left

Res.Fire  : + . .   See Invis. : .   y - +0 dwarf war axe
Res.Cold  : . . .   Warding    : .   G - +1 orc scale mail {rF+}
Life Prot.: . . .   Conserve   : .   c - +0 shield
Res.Poison: .       Res.Corr.  : .   (helmet restricted)
Res.Elec. : .       Clarity    : .   (no cloak)
Sust.Abil.: . .     Spirit.Shd : .   (no gloves)
Res.Mut.  : .       Stasis     : .   (no boots)
Res.Rott. : .       Flight     : .   (no amulet)
Saprovore : . . .                    (no ring)
                                     (no ring)

@: invisible, very slightly contaminated, slightly resistant to hostile
enchantments, extremely unstealthy
A: retaliatory headbutt, horns 2, Dex +1
a: Renounce Religion


You were on level 5 of the Dungeon.
You worshipped Okawaru.
Okawaru was pleased with you.
You were not hungry.

You visited 2 branches of the dungeon, and saw 6 of its levels.

You collected 184 gold pieces.

Inventory:

Hand weapons
 a - a +0,+0 hand axe {=f}
 y - a +0,+0 dwarven war axe (weapon)
Missiles
 k - 40 sling bullets
Armour
 c - a +0 shield (worn)
 B - a +0 scale mail
 G - a +1 orcish scale mail of fire resistance (worn)
Magical devices
 j - a wand of draining (5) {unknown}
 r - a wand of magic darts (12)
Comestibles
 d - 4 bread rations
 h - a choko
 p - a chunk of orc flesh
 z - an apple
 A - a meat ration
 H - 12 sultanas
 I - a pear
Scrolls
 b - a scroll of amnesia {unknown}
 e - 2 scrolls of remove curse {unknown}
 f - a scroll of curse weapon {unknown}
 g - a scroll of blinking {unknown}
 i - 4 scrolls of identify
 m - a scroll of fog {unknown}
 n - 2 scrolls of curse armour {unknown}
 o - a scroll of curse jewellery {unknown}
 u - 4 scrolls of teleportation
 x - a scroll of magic mapping {unknown}
Jewellery
 t - an uncursed ring of protection from fire {unknown}
Potions
 s - a potion of speed {unknown}
Books
 w - a book of Maledictions

   Spells                             Type                      Level
   Corona                             Hexes                        1
   Sure Blade                         Hexes/Charms                 2
   Ensorcelled Hibernation            Hexes/Ice                    2
   Confuse                            Hexes                        3
   Enslavement                        Hexes                        4
   Invisibility                       Hexes                        6


   Skills:
 - Level 4.0 Fighting
 - Level 8.1 Axes
 * Level 5.2 Armour
 - Level 1.2 Dodging
 - Level 4.0 Shields


You had 6 spell levels left.
You didn't know any spells.

Dungeon Overview and Level Annotations

Branches:
Dungeon (5/27)             Temple (1/1) D:4

Altars:
Ashenzari
Cheibriados
Fedhas
Kikubaaqudgha
Makhleb
Nemelex Xobeh
Okawaru
Sif Muna
Trog
Vehumet
Xom
Zin
the Shining One

Annotations
D:5 Grinder


Innate Abilities, Weirdness & Mutations

You reflexively headbutt those who attack you in melee.
You have a pair of horns on your head.
You are agile (Dex +1).


Message History

Grinder hits you.
You writhe in agony.
Grinder hits you but does no damage.
Grinder gestures.
Grinder blinks!
Grinder gestures at you. Pain shoots through your body!
* * * LOW HITPOINT WARNING * * *
You can move again.
Drink which item? (? for menu, Esc to quit)
You fade into invisibility!
It was a potion of invisibility.
Grinder hits you but does no damage.
Grinder gestures.
Grinder blinks!
Grinder says, "Just stop there for a second..."
Grinder gestures at you.
You suddenly lose the ability to move!
You are very lightly contaminated with residual magic.
You can move again.
A spear shoots out and hits you!
You die...

....[... #######.
#....# #....... ##
#.#)#######.######
#.# #...........#
#.######.#.#########
#.....5....###
#...####......#
#...##.####..###...
##. #..5..@.# ## #
#######<# #... ####


You could see Grinder.

Vanquished Creatures
  A phantom (D:4)
  An ogre (D:4)
  An orc priest (D:4)
  An orc wizard (D:4)
  3 hounds (D:4)
  4 worker ants
  Jessica (D:3)
  6 adders
  A giant mite (D:4)
  A worm (D:2)
  4 giant geckos
  9 orcs
  6 bats
  2 giant cockroaches (D:2)
  3 hobgoblins
  8 jackals
  4 giant newts
  7 goblins
  14 kobolds
  10 rats
87 creatures vanquished.

Vanquished Creatures (others)
  An orc (D:4)
  A quokka (D:5)
  A goblin (D:2)
3 creatures vanquished.

Grand Total: 90 creatures vanquished

Notes
Turn   | Place    | Note
--------------------------------------------------------------
     0 | D:1      | Juliette, the Minotaur Fighter, began the quest for the Orb.
     0 | D:1      | Reached XP level 1. HP: 19/19 MP: 0/0
   219 | D:1      | Reached XP level 2. HP: 20/26 MP: 0/0
   510 | D:1      | Reached skill level 4 in Armour
   836 | D:2      | Reached skill level 1 in Dodging
   894 | D:2      | Reached XP level 3. HP: 29/33 MP: 1/1
  1324 | D:2      | Reached XP level 4. HP: 26/40 MP: 1/1
  1780 | D:3      | Found a blossoming altar of Fedhas.
  2130 | D:3      | Noticed Jessica
  2136 | D:3      | Killed Jessica
  2503 | D:4      | Noticed a phantom
  2544 | D:4      | Reached skill level 5 in Axes
  2544 | D:4      | Reached XP level 5. HP: 40/46 MP: 1/1
  2651 | D:4      | Reached skill level 6 in Axes
  2858 | D:4      | Killed a phantom
  2858 | D:4      | Reached skill level 7 in Axes
  2858 | D:4      | Reached XP level 6. HP: 29/53 MP: 2/2
  2905 | D:4      | Found a staircase to the Ecumenical Temple.
  2957 | D:4      | HP: 2/53 [poisoned by a kobold]
  3230 | Temple   | Entered the Ecumenical Temple
  3268 | Temple   | Became a worshipper of Warmaster Okawaru
  3333 | D:4      | Noticed an ogre
  3347 | D:4      | Gained mutation: You are agile (Dex +1). [potion of beneficial mutation]
  3770 | D:4      | Reached skill level 8 in Axes
  3890 | D:4      | Killed an ogre
  3890 | D:4      | Reached skill level 5 in Armour
  3890 | D:4      | Reached XP level 7. HP: 50/59 MP: 2/2
  3989 | D:5      | Entered Level 5 of the Dungeon
  4125 | D:5      | Noticed Grinder
  4134 | D:5      | Paralysed by Grinder for 5 turns
  4146 | D:5      | Paralysed by Grinder for 2 turns
  4153 | D:5      | Killed by triggering a spear trap

Action                   |  1- 3 |  4- 6 |  7- 9 || total
-------------------------+-------+-------+-------++-------
Melee: Hand axe          |   101 |    39 |       ||   140
       War axe           |       |    84 |    14 ||    98
  Use: Scroll            |       |     4 |       ||     4
       Potion            |       |     5 |     1 ||     6
